 Dungeon Crawl Stone Soup version 0.17-a0-1202-g2dd280d (webtiles) character file.

7087 fred741 the Nimble (level 10, -4/100 HPs)
             Began as a Troll Berserker on June 2, 2015.
             Was a High Priest of Trog.
             Shot with an arrow by a centaur warrior (6 damage)
             ... on level 4 of the Orcish Mines on June 3, 2015.
             The game lasted 01:33:53 (11523 turns).

fred741 the Nimble (Troll Berserker)               Turns: 11523, Time: 01:33:53

Health: -4/100     AC:  7    Str: 30    XL:     10   Next: 84%
Magic:  9/9        EV: 15    Int:  3    God:    Trog [*****.]
Gold:   1369       SH:  0    Dex:  9    Spells: 0 memorised, 9 levels left

rFire  . . .     SeeInvis .     n - +2 giant spiked club of Imminent Death {crush, rElec rPois}
rCold  . . .     Clarity  +     y - +2 robe
rNeg   . . .     SustAt   .     (no shield)
rPois  +         Gourm    +     (helmet restricted)
rElec  +         Spirit   .     (no cloak)
rCorr  .         Warding  .     (gloves unavailable)
rMut   .         Stasis   .     (boots unavailable)
MR     .....                    z - amulet of clarity
Stlth  +++.......               H - ring of stealth
                                C - +3 ring of evasion

@: about to teleport, drained, not resistant to hostile enchantments, fairly
stealthy
A: unfitting armour, claws 3, fast metabolism 3, gourmand, regeneration 2,
shaggy fur 1, tough skin 2
a: Burn Spellbooks, Berserk, Trog's Hand, Brothers in Arms, Renounce Religion


You were on level 4 of the Orcish Mines.
You worshipped Trog.
Trog was extremely pleased with you.
You were very hungry.

You visited 3 branches of the dungeon, and saw 14 of its levels.

You collected 1369 gold pieces.

Inventory:

Hand weapons
 a - a +1 mace
 n - the +2 giant spiked club of Imminent Death (weapon) {crush, rElec rPois}
   (Trog gifted it to you on level 3 of the Orcish Mines)

   It inflicts extra damage upon your enemies.
   It insulates you from electricity.
   It protects you from poison.
 v - a +2 dire flail of flaming
 B - a +1 flail of draining
 D - the +7 greatsling of Subterfuge {venom, MR- Str+8}
   (Trog gifted it to you on level 4 of the Orcish Mines)

   It poisons the ammo it fires.
   It affects your strength (+8).
   It affects your resistance to hostile enchantments.
 S - a cursed +0 war axe
Missiles
 x - 3 silver tomahawks (quivered)
 T - 23 tomahawks
 V - 4 exploding tomahawks
Armour
 b - a +1 animal skin
 y - a +2 robe (worn)
 R - a steam dragon hide
Jewellery
 p - an uncursed amulet of rage
 z - an amulet of clarity (around neck)
 C - a +3 ring of evasion (left claw)
 H - a ring of stealth (right claw)
Magical devices
 d - a wand of draining (7)
 r - a wand of flame (26)
 O - a wand of teleportation (0)
Scrolls
 q - 3 scrolls of remove curse
 t - 3 scrolls of fog
Potions
 e - 4 potions of flight
 f - 5 potions of curing
 h - a potion of lignification
 i - 3 potions of resistance
 j - 2 potions of ambrosia
 k - a potion of heal wounds {unknown}
 o - 3 potions of brilliance
 u - 2 potions of agility
 F - a potion of might
 L - a potion of berserk rage {unknown}
Books
 l - a Necronomicon {highlevel, unknown}

   This book is beyond your current level of understanding.

   Spells                             Type                      Level
   a - Haunt                          Necromancy/Summoning         7
   b - Borgnjor's Revivification      Necromancy                   8
   c - Death's Door                   Charms/Necromancy            8
   d - Necromutation                  Transmutation/Necromancy     8
   Trog disapproves of the use of such an item.
 I - Kikubaaqudgha's Reference Book on Dark Magic
   (You found it on level 7 of the Dungeon)

   Spells                             Type                      Level
   a - Animate Skeleton               Necromancy                   1
   Trog disapproves of the use of such an item.
 J - Sif Muna's Papyrus of Transmigration
   (You found it on level 7 of the Dungeon)

   Spells                             Type                      Level
   a - Beastly Appendage              Transmutation                1
   Trog disapproves of the use of such an item.
 K - Vehumet's Reference Book on Attacks
   (You found it on level 7 of the Dungeon)

   Spells                             Type                      Level
   a - Magic Dart                     Conjuration                  1
   Trog disapproves of the use of such an item.
 N - a book of Annihilations {highlevel, unknown}

   This book is beyond your current level of understanding.

   Spells                             Type                      Level
   a - Poison Arrow                   Conjuration/Poison           6
   b - Chain Lightning                Conjuration/Air              8
   c - Lehudib's Crystal Spear        Conjuration/Earth            8
   d - Glaciate                       Conjuration/Ice              9
   e - Fire Storm                     Conjuration/Fire             9
   Trog disapproves of the use of such an item.
 Q - a book of Clouds

   Spells                             Type                      Level
   a - Mephitic Cloud                 Conjuration/Poison/Air       3
   b - Conjure Flame                  Conjuration/Fire             3
   c - Poisonous Cloud                Conjuration/Poison/Air       6
   d - Freezing Cloud                 Conjuration/Ice/Air          6
   e - Ring of Flames                 Charms/Fire                  7
   Trog disapproves of the use of such an item.
Comestibles
 c - 8 bread rations
 g - 4 beef jerkies
 m - 4 meat rations
 s - 23 chunks of flesh
 w - 2 slices of pizza
 M - 4 fruits


   Skills:
 + Level 6.9(6.4) Fighting
 + Level 9.0(8.5) Maces & Flails
 + Level 9.5(9.0) Dodging
 + Level 2.7(2.3) Stealth


You had 9 spell levels left.
You didn't know any spells.

Dungeon Overview and Level Annotations

Branches:
Dungeon (9/15)             Temple (1/1) D:5             Orc (4/4) D:9
   Lair: D:8-11         Elf: Orc:3-4

Altars:
Ashenzari
Cheibriados
Dithmenos
Elyvilon
Fedhas
Gozag
Kikubaaqudgha
Makhleb
Nemelex Xobeh
Okawaru
Qazlal
Ru
Sif Muna
Trog
Vehumet
Xom
Yredelemnul
Zin
The Shining One
Beogh

Shops:
D:4 *   D:9 %


Innate Abilities, Weirdness & Mutations

You are too large for most types of armour.
You have claws for hands.
Your metabolism is lightning-fast.
You like to eat raw meat.
You heal very quickly.
You are covered in fur (AC +1).
You have very tough skin (AC +2).


Message History

An orc comes into view. It is wielding a mace.
You see here an arrow.
The centaur warrior shoots an arrow.
The arrow hits you!
* * * LOW HITPOINT WARNING * * *
You see here an arrow.
The centaur warrior shoots an arrow.
The arrow hits you!
* * * LOW HITPOINT WARNING * * *
An orc warrior comes into view. It is wielding a glaive.
You see here an arrow.
The centaur warrior shoots an arrow.
The arrow hits you!
* * * LOW HITPOINT WARNING * * *
You hear a shout! x3
You see here an arrow.
Drink which item? (? for menu, Esc to quit)
Okay, then.
Read which item? (? for menu, Esc to quit)
As you read the scroll of teleportation, it crumbles to dust.
You feel strangely unstable. The goblin hits you but does no damage.
The centaur warrior shoots an arrow.
The arrow hits you.
You die...

...............
..................
..................
..........<......#
.......[.........#...... ≈≈#
......................o.c.≈≈≈
.................#...... ...≈
.................##...c.....
....))..........@.##.o##..##.
................(g.co........
................(............
.......#............#.......g
......#.......#.(....(.......
#............#...((..........
............##........###...#
....##.......##.......# ...
.....##..#....##.......# ..


You could see a centaur warrior, an orc warrior and a goblin.

Vanquished Creatures
  A troll (Orc:3)
  Prince Ribbit (D:6)
  Sigmund (D:3)
  A spriggan (D:7)
  A hippogriff (D:8)
  The ghost of Zwobot the Ducker, an average HaWn of Dithmenos (D:3)
  3 ice beasts
  A soldier ant (D:9)
  Duvessa (D:4)
  A wasp (D:8)
  14 orc warriors
  A phantom (D:8)
  2 necrophages
  3 ogres
  A big kobold (D:8)
  3 giant frogs
  Blork the orc (D:6)
  Dowan (D:4)
  A wyvern skeleton (D:9)
  5 scorpions
  5 wights (D:8)
  A crimson imp (D:6)
  A wasp zombie (D:8)
  21 orc priests
  A jelly (D:8)
  A giant frog skeleton (D:8)
  7 hounds
  A centaur skeleton (D:6)
  3 iguanas
  22 orc wizards
  A hell rat (D:5)
  6 worker ants
  A hound skeleton (D:4)
  11 adders
  3 river rats (D:5)
  2 shadow imps
  An adder zombie (D:7)
  An ooze (D:3)
  An adder skeleton (D:6)
  6 worms
  6 giant geckos
  142 orcs
  3 ball pythons
  A bat zombie (D:6)
  5 giant cockroaches
  20 goblins
  23 hobgoblins
  16 jackals
  3 quokkas
  17 bats
  3 giant gecko skeletons
  5 giant newts
  2 hobgoblin zombies (D:7)
  18 kobolds
  2 kobold zombies (D:7)
  An orc skeleton (D:7)
  45 rats
452 creatures vanquished.

Vanquished Creatures (collateral kills)
  The ghost of Chudej the Destroyer, an experienced DECj of Sif Muna (D:7)
  A steam dragon (D:8)
  An orc priest (D:8)
  A worker ant (D:8)
  4 orc wizards
  9 orcs
  2 goblin skeletons (D:7)
  A kobold zombie (D:7)
  2 orc skeletons (D:7)
22 creatures vanquished.

Vanquished Creatures (others)
  A giant gecko (D:9)
  An orc (Orc:1)
  A bat (D:4)
3 creatures vanquished.

Grand Total: 477 creatures vanquished

Notes
Turn   | Place    | Note
--------------------------------------------------------------
     0 | D:1      | fred741 the Troll Berserker began the quest for the Orb.
     0 | D:1      | Reached XP level 1. HP: 22/22 MP: 0/0
   463 | D:1      | Reached skill level 3 in Maces & Flails
   463 | D:1      | Reached XP level 2. HP: 27/29 MP: 1/1
   945 | D:2      | Acquired Trog's second power
  1030 | D:2      | Found a white marble altar of Elyvilon.
  1063 | D:2      | Reached XP level 3. HP: 12/36 MP: 2/2
  1222 | D:2      | Found a snail-covered altar of Cheibriados.
  1456 | D:3      | Noticed Zwobot's ghost (average HaWn)
  1535 | D:3      | Killed Zwobot's ghost
  1535 | D:3      | Reached skill level 4 in Dodging
  1535 | D:3      | Reached XP level 4. HP: 44/44 MP: 3/3
  1535 | D:3      | Reached XP level 5. HP: 52/52 MP: 4/4
  1906 | D:3      | Noticed a moth of wrath
  1910 | D:3      | Found a bloodstained altar of Trog.
  2034 | D:3      | Noticed Sigmund
  2044 | D:3      | Killed Sigmund
  2044 | D:3      | Reached skill level 5 in Dodging
  2044 | D:3      | Reached XP level 6. HP: 61/61 MP: 5/5
  2605 | D:4      | Noticed Duvessa
  2730 | D:4      | Found Zin's Purification Station.
  2733 | D:4      | Found a glowing silver altar of Zin.
  2802 | D:4      | Killed Duvessa
  2802 | D:4      | Reached XP level 7. HP: 37/67 MP: 6/6
  2928 | D:4      | Noticed Dowan
  2948 | D:4      | Killed Dowan
  3499 | D:5      | Entered Level 5 of the Dungeon
  3545 | D:5      | Acquired Trog's third power
  3775 | D:5      | Reached skill level 5 in Maces & Flails
  3789 | D:5      | Reached skill level 6 in Dodging
  4064 | D:5      | Found a staircase to the Ecumenical Temple.
  4135 | D:5      | Reached XP level 8. HP: 78/78 MP: 7/7
  4798 | D:6      | Noticed Prince Ribbit
  4831 | D:6      | Killed Prince Ribbit
  5055 | D:6      | Reached skill level 7 in Dodging
  5055 | D:6      | Reached skill level 1 in Stealth
  5063 | D:6      | Noticed Blork the orc
  5215 | D:6      | Killed Blork the orc
  5331 | D:6      | Found a burning altar of Makhleb.
  5332 | D:6      | Found a shimmering altar of Xom.
  5555 | D:6      | Reached XP level 9. HP: 85/85 MP: 8/8
  5642 | Temple   | Entered the Ecumenical Temple
  6225 | D:7      | Found an ancient bone altar of Kikubaaqudgha.
  6227 | D:7      | Found a radiant altar of Vehumet.
  6227 | D:7      | Found a deep blue altar of Sif Muna.
  6232 | D:7      | Identified Kikubaaqudgha's Reference Book on Dark Magic
  6245 | D:7      | Identified Sif Muna's Papyrus of Transmigration
  6256 | D:7      | Identified Vehumet's Reference Book on Attacks
  6285 | D:7      | Noticed Chudej's ghost (experienced DECj)
  6293 | D:7      | Killed Chudej's ghost
  6328 | D:7      | Found a glowing golden altar of the Shining One.
  6438 | D:7      | Reached skill level 5 in Fighting
  7116 | D:8      | Reached skill level 8 in Dodging
  7411 | D:8      | Found a sparkling altar of Nemelex Xobeh.
  7483 | D:8      | Found an opulent altar of Gozag.
  7602 | D:8      | Found a blossoming altar of Fedhas.
  7834 | D:9      | Reached XP level 10. HP: 73/98 MP: 9/9
  7879 | D:9      | Found a staircase to the Orcish Mines.
  8015 | D:9      | Found Bedwurec's Food Boutique.
  8208 | D:9      | Found a roughly hewn altar of Beogh.
  9035 | D:9      | Upgraded the game from 0.17-a0-1195-g0639cb0 to 0.17-a0-1202-g2dd280d
  9078 | Orc:1    | Entered Level 1 of the Orcish Mines
  9092 | Orc:1    | Received a gift from Trog
  9375 | Orc:2    | Reached skill level 9 in Dodging
 10434 | Orc:3    | Received a gift from Trog
 10437 | Orc:3    | Got a smoking giant spiked club {god gift}
 10493 | Orc:3    | Identified the +2 giant spiked club of Imminent Death {crush, rElec rPois} (Trog gifted it to you on level 3 of the Orcish Mines)
 11295 | Orc:4    | Entered Level 4 of the Orcish Mines
 11368 | Orc:4    | Received a gift from Trog
 11374 | Orc:4    | Got a polished greatsling {god gift}
 11396 | Orc:4    | Identified the +7 greatsling of Subterfuge {venom, MR- Str+8} (Trog gifted it to you on level 4 of the Orcish Mines)
 11511 | Orc:4    | Noticed a centaur warrior
 11522 | Orc:4    | HP: 1/100 [centaur warrior/arrow (14)]
 11523 | Orc:4    | Shot with an arrow by a centaur warrior

Vault maps used:
D:1:      dpeg_arrival_simpleton_b
D:2:      lemuel_round_altar, old_standard_altar, st_stairs_4
D:3:      tgw_trog, first_bread, uniq_sigmund
D:4:      zin_purify, uniq_duvessa
D:5:      lemuel_ratsnest, minmay_temple_entry_from_below_a
D:6:      grunt_temple_overflow_champion_of_chaos, kennysheep_minor_cross,
          grunt_ministairs_14, uniq_blork_the_orc, uniq_prince_ribbit1
D:7:      grunt_temple_overflow_magic_moments, nicolae_tso_besieged_by_evil,
          the_bakery
D:8:      nicolae_overflow_crystal_walls, nemelex_altar_shiori, basic_altar
D:9:      minmay_orc_entry_temple_small, serial_shops,
          nicolae_shop_behind_doors, minmay_misc_feat_ornament,
          lemuel_flame_loot_1
Temple:   temple_island_7
Orc:2:    serial_shops, shop
Orc:3:    nicolae_orc_pool_cavern
Orc:4:    st_orc_rangers

Action                   |  1- 3 |  4- 6 |  7- 9 | 10-12 || total
-------------------------+-------+-------+-------+-------++-------
Melee: Mace              |   128 |    85 |       |       ||   213
       Dire flail        |       |    88 |   506 |   298 ||   892
       Giant spiked club |       |       |       |   114 ||   114
Invok: Trog's Hand       |     1 |     2 |    10 |     8 ||    21
       Berserk           |     1 |     1 |    10 |     8 ||    20
       Brothers in Arms  |       |       |     3 |     2 ||     5
Evoke: Wand              |       |       |       |     1 ||     1
  Use: Scroll            |     8 |     2 |    11 |     5 ||    26
       Potion            |       |       |       |     2 ||     2
 Stab: Distracted        |       |       |     1 |     2 ||     3
       Sleeping          |       |       |     3 |     7 ||    10
  Eat: Chunk             |     6 |    11 |    36 |    34 ||    87
       Bread ration      |     2 |       |     5 |     1 ||     8
       Royal jelly       |       |       |     1 |     1 ||     2
       Pizza             |       |       |       |     2 ||     2
